 Dungeon Crawl Stone Soup version 0.20.1-1-g8b1a95d (webtiles) character file.

588 Monsterracer the Insei (level 7, 0/51 HPs)
             Began as an Octopode Transmuter on July 4, 2017.
             Slain by a gnoll (9 damage)
             ... on level 4 of the Dungeon.
             The game lasted 00:12:31 (6979 turns).

Monsterracer the Insei (Octopode Transmuter)        Turns: 6979, Time: 00:12:31

Health: 0/51       AC:  5    Str:  7      XL:     7   Next: 38%
Magic:  7/10       EV: 10    Int: 18 (20) God:
Gold:   326        SH:  0    Dex: 11 (12) Spells: 0/10 levels left

rFire    x . .     SeeInvis .     - Unarmed
rCold    + + +     Gourm    .   (shield currently unavailable)
rNeg     . . .     Faith    .   (helmet currently unavailable)
rPois    +         Spirit   .   (no amulet)
rElec    .         Reflect  .   e - ring of protection from cold
rCorr    .         Harm     .   (no ring)
MR       .....                  (no ring)
Stlth    +.........             (no ring)
Regen    0.2/turn               (no ring)
MPRegen  0.2/turn               (no ring)
                                (no ring)
                                (no ring)

@: ice-form, glowing
A: almost no armour, stealthy swim, amphibious, 8 rings, (constrict 8), clever
1, deterioration 1, weak 1
a: End Transformation


You were on level 4 of the Dungeon.
You were not hungry.
You were a creature of crystalline ice.
You visited 1 branch of the dungeon, and saw 4 of its levels.
You also visited: Sewer.

You collected 326 gold pieces.

Inventory:

Missiles
 a - 57 arrows
Jewellery
 e - a ring of protection from cold (left front paw)
Wands
 s - a wand of polymorph (20/24)
Scrolls
 d - 7 scrolls of identify
 f - 2 scrolls of remove curse
 g - 4 scrolls of teleportation
 h - 2 scrolls of magic mapping
 i - a scroll of fog
 m - a scroll of blinking
 n - a scroll of enchant weapon {unknown}
 q - a scroll of enchant armour
Potions
 j - 3 potions of haste
 k - a potion of brilliance
 l - a potion of mutation
 o - a potion of curing
 p - 3 potions of might
 r - a potion of flight
Books
 b - a book of Changes

   Spells                             Type                      Level
   a - Beastly Appendage              Transmutation                1
   b - Sticks to Snakes               Transmutation                2
   c - Spider Form                    Transmutation/Poison         3
   d - Ice Form                       Ice/Transmutation            4
   e - Blade Hands                    Transmutation                5
Comestibles
 c - 3 bread rations


   Skills:
 + Level 1.1 Fighting
 - Level 2.0 Dodging
 * Level 6.7 Unarmed Combat
 - Level 2.0 Spellcasting
 + Level 4.8 Transmutations
 + Level 1.1 Ice Magic


You couldn't memorise any spells.
You knew the following spells:

 Your Spells              Type           Power        Failure   Level  Hunger
a - Beastly Appendage     Tmut           ###...       2%          1    #......
b - Sticks to Snakes      Tmut           ###.....     3%          2    ###....
c - Spider Form           Tmut/Pois      ##........   21%         3    ###....
d - Ice Form              Ice/Tmut       ##......     45%         4    #####..


Dungeon Overview and Level Annotations

Branches:
Dungeon (4/15)
 Temple: D:4-7

Altars:
Dithmenos
Qazlal
Sif Muna

Annotations:
D:4 1 runed door


Innate Abilities, Weirdness & Mutations

You cannot wear most types of armour.
You are very stealthy in the water. (Stealth+)
You are amphibious.
You can wear up to eight rings at the same time.
((You can use your tentacles to constrict eight enemies at once.))
((Your skin changes colour to match your surroundings (Stealth+).))
((Your rubbery body absorbs attacks. (AC +1, EV +1)))
Your mind is acute. (Int +2)
Your body sometimes deteriorates upon taking damage.
((Your flesh is heat resistant. (rF+)))
You are weak. (Str -2)


Message History

You feel your dexterity returning. The gnoll closely misses you.
The gnoll hits you from afar with a halberd!
Your body deteriorates!
You feel dopey.
Huge Dmg: -24%(-12hp) hp: 51%(26hp)
The gnoll hits you.
* * * LOW HITPOINT WARNING * * *
The gnoll hits you but does no damage.
The gnoll hits you from afar with a halberd!
* * * LOW HITPOINT WARNING * * *
Huge Dmg: -17%(-9hp) hp: 34%(17hp)
The gnoll hits you.
* * * LOW HITPOINT WARNING * * *
The gnoll hits you with a halberd!
* * * LOW HITPOINT WARNING * * *
Huge Dmg: -18%(-9hp) hp: 16%(8hp)
The gnoll hits you but does no damage.
There is a stone staircase leading up here.
The gnoll hits you!
You die...

.## #.........# #.## ..#####
###......#### ##.####
......#####...#....# #.....
.###..........##...# #..### ##
##.........##...### #..##. #
##.........#.....### ##..##.
###.................####...##.
####.....................##...##.
................Y.............#..
....######.....gg................
..### ##....g.....##..........
.## #...........###........ .#
##...)........####...... ##
#..............####..... #
###................###.... #
###...........#....#..###..) ##
###...........###.#####....#.#


You could see 3 gnolls.

Vanquished Creatures
  A phantom (D:4)
  The ghost of vishdafish the Skirmisher, an amateur DsFi of Sif Muna (Sewer)
  A hound (D:4)
  A gnoll shaman (D:4)
  Jessica (D:2)
  A worker ant (D:4)
  An orc wizard (D:4)
  9 adders
  3 gnolls (D:3)
  A worm (D:3)
  2 dart slugs
  7 leopard geckos
  6 orcs (D:4)
  2 ball pythons
  2 giant cockroaches
  2 goblins
  7 hobgoblins
  11 jackals
  9 kobolds
  3 quokkas
  7 bats
  7 frilled lizards
  11 rats
  3 plants (Sewer)
99 creatures vanquished.

Vanquished Creatures (collateral kills)
  The ghost of polve the Changer, an amateur DrTm (D:3)
  A scorpion (D:4)
  An adder (D:3)
  A giant cockroach (D:4)
  A goblin (D:3)
5 creatures vanquished.

Grand Total: 104 creatures vanquished

Notes
Turn   | Place    | Note
-------+----------+-------------------------------------------
     0 | D:1      | Monsterracer the Octopode Transmuter began the quest for the Orb.
     0 | D:1      | Reached XP level 1. HP: 13/13 MP: 3/3
   293 | D:1      | Reached XP level 2. HP: 18/18 MP: 5/5
   297 | D:1      | Learned a level 2 spell: Sticks to Snakes
   669 | D:1      | Gained mutation: Your flesh is heat resistant. (rF+) [potion of mutation]
   669 | D:1      | Gained mutation: Your body sometimes deteriorates upon taking damage. [potion of mutation]
   669 | D:1      | Gained mutation: You are weak. (Str -2) [potion of mutation]
   669 | D:1      | Gained mutation: Your mind is acute. (Int +2) [potion of mutation]
  1189 | D:2      | Reached XP level 3. HP: 23/23 MP: 6/6
  1194 | D:2      | Learned a level 3 spell: Spider Form
  1378 | D:2      | Found a deep blue altar of Sif Muna.
  1867 | D:2      | Noticed Jessica
  1936 | D:2      | Killed Jessica
  1936 | D:2      | Reached skill level 4 in Unarmed Combat
  1936 | D:2      | Reached XP level 4. HP: 28/28 MP: 0/7
  2038 | D:3      | Found a shadowy altar of Dithmenos.
  2064 | D:3      | Found a glowing drain.
  2082 | Sewer    | Entered a sewer
  2491 | Sewer    | Noticed vishdafish's ghost (amateur DsFi)
  2652 | Sewer    | Reached XP level 5. HP: 31/33 MP: 8/8
  2880 | Sewer    | Killed vishdafish's ghost
  2880 | Sewer    | Reached skill level 5 in Unarmed Combat
  3745 | D:3      | Noticed polve's ghost (amateur DrTm)
  3763 | D:3      | Killed polve's ghost
  3763 | D:3      | Reached XP level 6. HP: 5/38 MP: 2/9
  4151 | D:3      | Found a faded altar of an unknown god.
  5322 | D:4      | Reached skill level 6 in Unarmed Combat
  5892 | D:4      | Noticed a phantom
  5910 | D:4      | Reached XP level 7. HP: 14/43 MP: 8/10
  6192 | D:3      | Learned a level 4 spell: Ice Form
  6260 | D:4      | Reached skill level 1 in Ice Magic
  6428 | D:4      | Found a stormy altar of Qazlal.
  6945 | D:4      | Found a runed door.
  6979 | D:4      | Slain by a gnoll

Skill      XL: |  1  2  3  4  5  6  7 |
---------------+----------------------+-----
Transmutations | 3 4 |  4.8
Unarmed Combat | 4 5 6 |  6.7
Ice Magic      | 1 |  1.1
Fighting       | |  1.1
Dodging        | |  2.0
Spellcasting   | |  2.0

Action                   |  1- 3 |  4- 6 |  7- 9 || total
-------------------------+-------+-------+-------++-------
Melee: Unarmed           |    75 |   279 |    42 ||   396
       Constrict         |    22 |    34 |     2 ||    58
       Tentacles         |     9 |    33 |     3 ||    45
       Kick              |     2 |    25 |     1 ||    28
       Punch             |       |     8 |     1 ||     9
 Cast: Beastly Appendage |     4 |    14 |     1 ||    19
       Sticks to Snakes  |     1 |    14 |       ||    15
       Spider Form       |     1 |     6 |       ||     7
       Ice Form          |       |       |     2 ||     2
  Use: Potion            |     9 |     6 |       ||    15
       Scroll            |       |     6 |       ||     6
 Stab: Sleeping          |     9 |     4 |       ||    13
       Distracted        |     2 |     4 |       ||     6
  Eat: Chunk             |     3 |    15 |       ||    18
       Bread ration      |       |       |     1 ||     1
Armor: Skin              |    10 |     9 |     6 ||    25
Dodge: Dodged            |    46 |   125 |    22 ||   193
